 Dungeon Sprint DCSS version 0.21-a0-400-g417d9d2 (webtiles) character file.

9076 Kidiri the Eclecticist (level 11, -9/66 HPs)
             Began as a Deep Elf Fire Elementalist on Oct 20, 2017.
             Was the Champion of Vehumet.
             Mangled by a five-headed hydra (13 damage)
             ... in the Dungeon (Sprint III: "The Ten Rune Challenge").
             The game lasted 00:19:59 (3097 turns).

Kidiri the Eclecticist (Deep Elf Fire Elementalist) Turns: 3097, Time: 00:20:01

Health: -9/66      AC:  5    Str:  5    XL:     11   Next: 18%
Magic:  25/34      EV: 19    Int: 26    God:    Vehumet [******]
Gold:   31         SH:  0    Dex: 15    Spells: 8/44 levels left

rFire    . . .     SeeInvis .   b - +0 dagger
rCold    . . .     Gourm    .   (no shield)
rNeg     . . .     Faith    .   a - +0 robe
rPois    +         Spirit   .   F - +0 helmet
rElec    .         Reflect  .   q - +0 cloak {rPois}
rCorr    .         Harm     .   (no gloves)
MR       +....     NoTele   +   (no boots)
Stlth    ++........             (no amulet)
HPRegen  0.21/turn              (no ring)
MPRegen  0.24/turn              (no ring)

@: no status effects
A: clever 1, wild magic 1
a: Renounce Religion


You were in the Dungeon.
You worshipped Vehumet.
Vehumet was exalted by your worship.
You were not hungry.

You visited 1 branch You collected 31 gold pieces.

Inventory:

Hand Weapons
 b - a +0 dagger (weapon)
 k - a +0 club
 p - a +3 quarterstaff of chaos
 x - a +0 dagger
 A - a +0 dagger
 D - a +0 long sword of holy wrath
 E - a +0 short sword
 I - a +0 giant club
 J - a +0 giant spiked club
 K - a +0 giant club
 L - a +0 giant spiked club
 M - a +0 giant club
 N - a +0 giant club
 O - a +0 giant club
 P - a +0 giant spiked club
 Q - a +0 dire flail
 R - a +0 giant club
 S - a cursed -3 giant club
 V - a +1 great sword of holy wrath
Missiles
 H - a throwing net (quivered)
 W - 4 javelins
Armour
 a - a +0 robe (worn)
 l - a +0 robe
 q - a +0 cloak of poison resistance (worn)
 y - a +0 robe
 z - a +0 robe
 F - a +0 helmet (worn)
 G - a +0 robe
 T - a +0 robe
 X - a +0 scale mail
Scrolls
 i - a scroll of blinking
 j - a scroll of fear
 n - 3 scrolls of remove curse {unknown}
 r - 2 scrolls of torment {unknown}
 v - a scroll of random uselessness {unknown}
Potions
 d - 2 potions of curing
 f - a potion of haste
 g - 2 potions of magic
 h - 2 potions of berserk rage
 o - a potion of cancellation
 u - 3 potions of flight
 w - 2 potions of mutation
Books
 s - a book of Flames

   Spells                             Type                      Level
   a - Flame Tongue                   Conjuration/Fire             1
   b - Throw Flame                    Conjuration/Fire             2
   c - Conjure Flame                  Conjuration/Fire             3
   d - Inner Flame                    Hexes/Fire                   3
   e - Sticky Flame                   Conjuration/Fire             4
   f - Fireball                       Conjuration/Fire             5
 B - a book of Minor Magic

   Spells                             Type                      Level
   a - Magic Dart                     Conjuration                  1
   b - Blink                          Translocation                2
   c - Call Imp                       Summoning                    2
   d - Slow                           Hexes                        2
   e - Conjure Flame                  Conjuration/Fire             3
   f - Mephitic Cloud                 Conjuration/Poison/Air       3
 C - a book of Cantrips

   Spells                             Type                      Level
   a - Confusing Touch                Hexes                        1
   b - Animate Skeleton               Necromancy                   1
   c - Summon Small Mammal            Summoning                    1
   d - Apportation                    Translocation                1
Miscellaneous
 m - a box of beasts
Comestibles
 c - a bread ration
 t - 27 royal jellies


   Skills:
 + Level 6.9 Fighting
 + Level 8.1 Short Blades
 + Level 6.9 Armour
 + Level 10.3 Dodging
 - Level 2.4 Stealth
 * Level 17.1 Spellcasting
 + Level 10.8 Conjurations
 + Level 11.2 Fire Magic
 + Level 6.7 Ice Magic
 + Level 6.0 Air Magic
 + Level 3.1 Earth Magic
 + Level 6.7 Poison Magic


You had 8 spell levels left.
You knew the following spells:

 Your Spells              Type           Power        Failure   Level  Hunger
a - Flame Tongue          Conj/Fire      #####        1%          1    None
b - Throw Flame           Conj/Fire      ######       1%          2    None
c - Conjure Flame         Conj/Fire      #######.     1%          3    None
d - Inner Flame           Hex/Fire       ######..     1%          3    None
e - Sticky Flame          Conj/Fire      #######.     1%          4    None
f - Fireball              Conj/Fire      #######...   1%          5    None
g - Bolt of Magma         Conj/Fire/Erth ######....   1%          5    None
h - Airstrike             Air            ######....   1%          4    None
i - Throw Frost           Conj/Ice       ######       1%          2    None
j - Mephitic Cloud        Conj/Pois/Air  ######..     1%          3    None
k - Olgreb's Toxic Radia  Pois           ######..     1%          4    None


Dungeon Overview and Level Annotations

Branches:
Dungeon (1/1)

Altars:
Cheibriados
Dithmenos
Elyvilon
Fedhas
Gozag
Hepliaklqana
Kikubaaqudgha
Makhleb
Nemelex Xobeh
Okawaru
Qazlal
Ru
Sif Muna
Trog
Uskayaw
Vehumet
Wu Jian
Xom
Yredelemnul
Zin
The Shining One
Beogh
Jiyva
Lugonu

Annotations:
D exclusion: 4 doors


Innate Abilities, Weirdness & Mutations

Your mind is acute. (Int +2)
Your spells are a little harder to cast, but a little more powerful.


Message History

The bolt of magma hits the five-headed hydra.
The five-headed hydra is almost dead.
The bolt of magma hits the eight-headed hydra.
The eight-headed hydra is severely wounded.
The five-headed hydra barely misses you.
The five-headed hydra closely misses you.
The five-headed hydra bites you.
The five-headed hydra bites you but does no damage.
The five-headed hydra bites you.
Casting: Bolt of Magma
Confirm with . or Enter, or press ? or * to list all spells.
Okay, then.
The five-headed hydra bites you!
The five-headed hydra barely misses you.
The five-headed hydra bites you!
* * * LOW HITPOINT WARNING * * *
The five-headed hydra bites you!
* * * LOW HITPOINT WARNING * * *
The five-headed hydra bites you!
You die...

....# ###'#
#...#+###########################
#...#....#.#.#.....#......%%.%≈≈#
#...##.#..#.##.###.#.....%#%%.≈≈#
#...'##.#.#.##.#..##......#%%.≈≈≈
+...#...#..#..##..'.......#%.%≈≈≈
▓▓▓▓▓▓▓▓▓▓▓▓▓▓▓▓▓▓#.......#......
♣≈≈≈........≈≈≈.@D#.......#......
+♣≈≈≈≈≈≈≈≈≈≈≈≈♣♣PD'.......#......
♣♣♣♣♣♣♣♣♣♣♣♣♣♣♣♣..#.......#######
♣♣ ...##+###### +♣♣♣♣♣ ♣...#
.##..## .#|)# ##.##.# §.#:}#
#.##%##+ §####+# #.##...#


You could see an eight-headed hydra and a five-headed hydra.

Vanquished Creatures
  Erolcha (D)
  Urug (D)
  A lindwurm (D)
  A deep elf mage (D)
  2 spiny frogs (D)
  A rime drake (D)
  A komodo dragon (D)
  A queen bee (D)
  3 wandering mushrooms (D)
  2 tyrant leeches (D)
  5 blink frogs (D)
  5 redbacks (D)
  A shadow (D)
  A spatial vortex (D)
  A swamp drake (D)
  A necrophage (D)
  A fire dragon simulacrum (D)
  5 two-headed ogres (D)
  A water elemental (D)
  26 killer bees (D)
  A jelly (D)
  A wizard (D)
  Crazy Yiuf (D)
  Jessica (D)
  A necromancer (D)
  A polar bear simulacrum (D)
  2 wolf simulacra (D)
  A kobold demonologist (D)
  3 humans (D)
  2 oozes (D)
  A rat (D)
  2 plants (D)
78 creatures vanquished.

Vanquished Creatures (collateral kills)
  3 killer bees (D)
3 creatures vanquished.

Vanquished Creatures (others)
  2 draconian scorchers (D)
  6 hellions (D)
  3 yaktaurs (D)
  3 killer bees (D)
  3 plants (D)
17 creatures vanquished.

Grand Total: 98 creatures vanquished

Notes
Turn   | Place    | Note
-------+----------+-------------------------------------------
     0 | D        | Kidiri the Deep Elf Fire Elementalist began the quest for the Orb.
     0 | D        | Reached XP level 1. HP: 10/10 MP: 6/6
     4 | D        | Reached skill level 4 in Spellcasting
    10 | D        | Reached XP level 2. HP: 15/15 MP: 0/9
    93 | D        | Reached skill level 5 in Spellcasting
   110 | D        | Noticed Jessica
   113 | D        | Killed Jessica
   113 | D        | Reached skill level 6 in Spellcasting
   113 | D        | Reached XP level 3. HP: 19/19 MP: 9/13
   117 | D        | Learned a level 2 spell: Throw Flame
   121 | D        | Learned a level 3 spell: Conjure Flame
   122 | D        | Killed a hellion
   122 | D        | Killed a hellion
   122 | D        | Killed a hellion
   125 | D        | Learned a level 3 spell: Inner Flame
   131 | D        | Killed a hellion
   131 | D        | Killed a hellion
   145 | D        | Killed a hellion
   155 | D        | Noticed Crazy Yiuf
   162 | D        | Killed Crazy Yiuf
   162 | D        | Reached skill level 7 in Spellcasting
   162 | D        | Reached skill level 5 in Fire Magic
   169 | D        | Killed a white draconian scorcher
   182 | D        | Killed a white draconian scorcher
   189 | D        | Gained mutation: You tend to lose your temper in combat. [potion of mutation]
   189 | D        | Gained mutation: You are frail. (-10% HP) [potion of mutation]
   189 | D        | Lost mutation: You tend to lose your temper in combat. [potion of mutation]
   189 | D        | Gained mutation: You are partially covered in molten scales. (AC +2) [potion of mutation]
   190 | D        | Lost mutation: You are frail. (-10% HP) [potion of mutation]
   190 | D        | Lost mutation: You are partially covered in molten scales. (AC +2) [potion of mutation]
   190 | D        | Gained mutation: You are partially covered in iridescent scales. (AC +2) [potion of mutation]
   190 | D        | Gained mutation: You have sharp toenails. [potion of mutation]
   191 | D        | Lost mutation: You have sharp toenails. [potion of mutation]
   191 | D        | Lost mutation: You are partially covered in iridescent scales. (AC +2) [potion of mutation]
   191 | D        | Gained mutation: Armour fits poorly on your strangely shaped body. [potion of mutation]
   191 | D        | Lost mutation: Armour fits poorly on your strangely shaped body. [potion of mutation]
   191 | D        | Gained mutation: Your spells are a little harder to cast, but a little more powerful. [potion of mutation]
   191 | D        | Gained mutation: Your mind is acute. (Int +2) [potion of mutation]
   226 | D        | Reached skill level 8 in Spellcasting
   226 | D        | Reached XP level 4. HP: 24/24 MP: 10/16
   232 | D        | Learned a level 4 spell: Sticky Flame
   263 | D        | Noticed a water elemental
   267 | D        | Killed a water elemental
   267 | D        | Reached skill level 9 in Spellcasting
   267 | D        | Reached skill level 5 in Conjurations
   267 | D        | Reached XP level 5. HP: 28/28 MP: 12/19
   274 | D        | Learned a level 5 spell: Fireball
   309 | D        | Found a radiant altar of Vehumet.
   309 | D        | Found a deep blue altar of Sif Muna.
   309 | D        | Found an ancient bone altar of Kikubaaqudgha.
   310 | D        | Reached skill level 10 in Spellcasting
   329 | D        | Became a worshipper of Vehumet
   334 | D        | Learned a level 3 spell: Mephitic Cloud
   352 | D        | Killed a yaktaur
   411 | D        | Found a glowing silver altar of Zin.
   412 | D        | Found a glowing golden altar of the Shining One.
   412 | D        | Found a white marble altar of Elyvilon.
   412 | D        | Noticed a deep elf mage
   416 | D        | Killed a deep elf mage
   416 | D        | Reached skill level 5 in Dodging
   416 | D        | Reached skill level 12 in Spellcasting
   416 | D        | Reached XP level 6. HP: 36/36 MP: 12/23
   416 | D        | Reached XP level 7. HP: 40/40 MP: 12/24
   428 | D        | Killed a yaktaur
   477 | D        | Found an ornate altar of the Wu Jian Council.
   477 | D        | Found a roughly hewn altar of Beogh.
   477 | D        | Found an iron altar of Okawaru.
   477 | D        | Found a bloodstained altar of Trog.
   477 | D        | Found a hide-covered altar of Uskayaw.
   477 | D        | Noticed a human
   477 | D        | Noticed a human
   481 | D        | Killed a human
   487 | D        | Killed a human
   487 | D        | Reached * piety under Vehumet
   487 | D        | Offered knowledge of Shock by Vehumet.
   487 | D        | Reached skill level 13 in Spellcasting
   577 | D        | Found a basalt altar of Yredelemnul.
   577 | D        | Found a shadowy altar of Dithmenos.
   577 | D        | Found a sacrificial altar of Ru.
   630 | D        | Noticed a shadow
   631 | D        | Reached ** piety under Vehumet
   637 | D        | Killed a shadow
   637 | D        | Reached XP level 8. HP: 48/48 MP: 16/27
   692 | D        | Found a blossoming altar of Fedhas.
   692 | D        | Found a stormy altar of Qazlal.
   692 | D        | Found a snail-covered altar of Cheibriados.
   692 | D        | Found a burning altar of Makhleb.
   692 | D        | Found a shimmering altar of Xom.
   693 | D        | Found a hazy altar of Hepliaklqana.
   693 | D        | Found an opulent altar of Gozag.
   693 | D        | Found a sparkling altar of Nemelex Xobeh.
   693 | D        | Found a corrupted altar of Lugonu.
   693 | D        | Found a viscous altar of Jiyva.
   707 | D        | HP: 1/48 [spatial vortex (20)]
  1023 | D        | Offered knowledge of Throw Frost by Vehumet.
  1111 | D        | Reached *** piety under Vehumet
  1111 | D        | Reached skill level 5 in Short Blades
  1122 | D        | Reached skill level 14 in Spellcasting
  1126 | D        | Learned a level 2 spell: Throw Frost
  1294 | D        | Noticed a two-headed ogre
  1303 | D        | Killed a two-headed ogre
  1303 | D        | Offered knowledge of Dazzling Spray by Vehumet.
  1303 | D        | Reached skill level 1 in Ice Magic
  1303 | D        | Reached skill level 1 in Air Magic
  1303 | D        | Reached skill level 1 in Poison Magic
  1355 | D        | Noticed Erolcha
  1367 | D        | Noticed a two-headed ogre
  1370 | D        | Killed Erolcha
  1370 | D        | Reached **** piety under Vehumet
  1370 | D        | Reached skill level 5 in Fighting
  1370 | D        | Reached skill level 5 in Armour
  1370 | D        | Reached XP level 9. HP: 30/54 MP: 9/29
  1370 | D        | Killed a two-headed ogre
  1370 | D        | Reached skill level 15 in Spellcasting
  1814 | D        | Offered knowledge of Static Discharge by Vehumet.
  1814 | D        | Reached ***** piety under Vehumet
  1818 | D        | Reached skill level 10 in Fire Magic
  1824 | D        | Noticed a queen bee
  1830 | D        | Reached ****** piety under Vehumet
  1833 | D        | Killed a queen bee
  1835 | D        | Reached XP level 10. HP: 57/60 MP: 31/31
  2001 | D        | Offered knowledge of Olgreb's Toxic Radiance by Vehumet.
  2014 | D        | Learned a level 4 spell: Olgreb's Toxic Radiance
  2028 | D        | Offered knowledge of Airstrike by Vehumet.
  2028 | D        | Reached skill level 10 in Conjurations
  2028 | D        | Reached skill level 5 in Ice Magic
  2034 | D        | Learned a level 4 spell: Airstrike
  2063 | D        | Reached skill level 16 in Spellcasting
  2063 | D        | Reached skill level 5 in Poison Magic
  2096 | D        | Noticed a spiny frog
  2096 | D        | Noticed a spiny frog
  2105 | D        | Killed a spiny frog
  2106 | D        | Killed a spiny frog
  2426 | D        | Reached skill level 5 in Air Magic
  2449 | D        | Offered knowledge of Bolt of Magma by Vehumet.
  2456 | D        | Learned a level 5 spell: Bolt of Magma
  2537 | D        | Noticed a lindwurm
  2542 | D        | Killed a lindwurm
  2542 | D        | Reached skill level 1 in Earth Magic
  2740 | D        | Noticed Urug
  2746 | D        | Killed Urug
  2746 | D        | Reached skill level 10 in Dodging
  2814 | D        | Reached XP level 11. HP: 66/66 MP: 33/33
  2816 | D        | Offered knowledge of Irradiate by Vehumet.
  2843 | D        | Reached skill level 17 in Spellcasting
  3071 | D        | Offered knowledge of Venom Bolt by Vehumet.
  3090 | D        | Noticed a five-headed hydra
  3090 | D        | Noticed an eight-headed hydra
  3097 | D        | Mangled by a five-headed hydra

Vault maps used:
D:        dungeon_sprint_mu

Skill      XL: |  1  2  3  4  5  6  7  8  9 10 11 |
---------------+----------------------------------+-----
Spellcasting   | 4 6 8 9 12 13 14 15 16 17 | 17.1
Conjurations   | 2 3 4 5 7 8 9 10 | 10.8
Fire Magic     | 4 5 6 8 9 10 11 | 11.2
Fighting       | 2 3 5 6 |  6.9
Short Blades   | 3 4 6 7 8 |  8.1
Armour         | 3 4 5 6 |  6.9
Dodging        | 5 6 8 10 | 10.3
Ice Magic      | 3 4 6 |  6.7
Air Magic      | 2 4 5 6 |  6.0
Poison Magic   | 3 4 6 |  6.7
Earth Magic    | 2 3 |  3.1
Stealth        | |  2.4

Action                   |  1- 3 |  4- 6 |  7- 9 | 10-12 || total
-------------------------+-------+-------+-------+-------++-------
Melee: Unarmed           |     2 |       |       |       ||     2
       Dagger            |       |       |    13 |    11 ||    24
 Cast: Flame Tongue      |    17 |     4 |    75 |    38 ||   134
       Throw Flame       |     1 |       |       |       ||     1
       Conjure Flame     |       |     1 |     7 |     1 ||     9
       Sticky Flame      |       |     5 |     8 |    10 ||    23
       Mephitic Cloud    |       |     1 |     6 |     3 ||    10
       Inner Flame       |       |       |     3 |       ||     3
       Throw Frost       |       |       |     1 |     2 ||     3
       Olgreb's Toxic Ra |       |       |       |     5 ||     5
       Fireball          |       |       |       |     4 ||     4
       Bolt of Magma     |       |       |       |     9 ||     9
       Airstrike         |       |       |       |     2 ||     2
  Use: Potion            |     3 |       |       |     1 ||     4
       Scroll            |     2 |       |       |       ||     2
 Stab: Confused          |       |       |     1 |       ||     1
       Sleeping          |       |       |       |     4 ||     4
  Eat: Chunk             |       |       |     2 |       ||     2
       Bread ration      |       |       |       |     1 ||     1
Armor: Robe              |       |       |       |     7 ||     7
Dodge: Dodged            |     1 |     1 |    15 |    24 ||    41

Table legend:
 A = Spawn XP
 B = Non-spawn XP
 C = Spawn XP percentage of total XP
 D = Spawn monster count
 E = Non-spawn monster count
 F = Spawn count percentage of total count
 G = Total turns spent on level
                    A         B        C        D         E        F      G
               +---------+---------+-------+---------+---------+-------+---------
         Total |       0 |   12967 |   0.0 |       0 |      82 |   0.0 |  3097
               +---------+---------+-------+---------+---------+-------+---------
             D |       0 |   12967 |   0.0 |       0 |      82 |   0.0 |  3097
               +---------+---------+-------+---------+---------+-------+---------
